 Dungeon Crawl Stone Soup version 0.17.1-2-g5865329 (webtiles) character file.

207 MirrMurr the Covert (level 5, -8/24 HPs)
             Began as a Spriggan Enchanter on Jan 16, 2016.
             Was an Initiate of Ashenzari.
             Mangled by grizfap's ghost (14 damage)
             ... on level 4 of the Dungeon.
             The game lasted 00:07:15 (3057 turns).

MirrMurr the Covert (Spriggan Enchanter)            Turns: 3057, Time: 00:07:15

Health: -8/24      AC:  4    Str:  4    XL:     5   Next: 54%
Magic:  6/12       EV: 13    Int: 21    God:    Ashenzari [......]
Gold:   189        SH:  0    Dex: 16    Spells: 3 memorised, 4 levels left

rFire  . . .     SeeInvis +     a - +1 dagger
rCold  . . .     Clarity  .     b - +2 robe
rNeg   . . .     SustAt   .     (shield restricted)
rPois  .         Gourm    .     (helmet restricted)
rElec  .         Spirit   .     (no cloak)
rCorr  .         Warding  .     (gloves unavailable)
rMut   .         Stasis   .     (boots unavailable)
MR     +....                    (no amulet)
Stlth  +++++.....               q - ring of protection from magic
                                i - +3 ring of intelligence

@: lethally poisoned (-8 -> -12), very slightly contaminated, very quick,
somewhat resistant to hostile enchantments, quite stealthy
A: unfitting armour, see invisible, herbivore 3, speed 3, slow metabolism 2
a: Renounce Religion


You were on level 4 of the Dungeon.
You worshipped Ashenzari.
Ashenzari was noncommittal.
You were hungry.

You visited 1 branch of the dungeon, and saw 4 of its levels.

You collected 189 gold pieces.

Inventory:

Hand Weapons
 a - a +1 dagger (weapon)
Missiles
 h - 64 stones (quivered)
Armour
 b - a +2 robe (worn)
Jewellery
 i - a +3 ring of intelligence (left hand)
 p - an uncursed ring of ice
 q - a ring of protection from magic (right hand)
Scrolls
 k - a scroll of enchant armour
Potions
 e - 2 potions of heal wounds {unknown}
 f - a potion of ambrosia {unknown}
 g - a potion of might {unknown}
 l - 2 potions of invisibility {unknown}
 m - a potion of curing {unknown}
 n - a potion of magic {unknown}
 s - a potion of haste {unknown}
Books
 c - a book of Maledictions

   Spells                             Type                      Level
   a - Corona                         Hexes                        1
   b - Ensorcelled Hibernation        Hexes/Ice                    2
   c - Confuse                        Hexes                        3
   d - Tukima's Dance                 Hexes                        3
   e - Dazzling Spray                 Conjuration/Hexes            3
 j - a book of Flames

   Spells                             Type                      Level
   a - Flame Tongue                   Conjuration/Fire             1
   b - Throw Flame                    Conjuration/Fire             2
   c - Conjure Flame                  Conjuration/Fire             3
   d - Inner Flame                    Hexes/Fire                   3
   e - Sticky Flame                   Conjuration/Fire             4
   f - Fireball                       Conjuration/Fire             5
Comestibles
 d - 2 bread rations
 o - 3 fruits


   Skills:
 - Level 1.1 Short Blades
 - Level 3.0 Dodging
 * Level 8.9 Stealth
 + Level 4.0 Spellcasting
 - Level 3.6 Hexes


You had 4 spell levels left.
You knew the following spells:

 Your Spells              Type           Power        Failure   Level  Hunger
a - Ensorcelled Hibernat  Hex/Ice        ##....       12%         2    #......
b - Confuse               Hex            ###.....     10%         3    ###....
d - Dazzling Spray        Conj/Hex       ##......     21%         3    ###....


Dungeon Overview and Level Annotations

Branches:
Dungeon (4/15)
 Temple: D:4-7

Altars:
Ashenzari
Okawaru
Ru

Annotations:
D:4 Pikel; grizfap's ghost, novice MiFi


Innate Abilities, Weirdness & Mutations

You are tiny and cannot use many weapons and most armour.
You have supernaturally acute eyesight.
You are a herbivore.
You cover ground extremely quickly.
You need consume almost no food.


Message History

Casting: Ensorcelled Hibernation
Confirm with . or Enter, or press ? or * to list all spells.
Aiming: Ensorcelled Hibernation
Press: ? - help, Shift-Dir - straight line, p - worker ant The scorpion looks drowsy...
You are feeling hungry.
The worker ant bites you but does no damage.
The worker ant bites you.
The helpless scorpion fails to defend itself.
You impale the scorpion!!
You kill the scorpion!
Your Spellcasting skill increases to level 4!
You feel sick. The worker ant misses you.
You feel sick.
Found an uncursed spear.
You feel sick.
There is a stone staircase leading up here.
You feel sick. The slave hits you but does no damage. Grizfap's ghost hits you!
Ouch! That really hurt!
You die...

##..#. #. .....
#.. #... #.. ...
# ##... #.# ...
#.... #.#####....
#..####......)...
#....Wp....#
#...@##.##.#
####.pa.##.#
#.......p..#
#.#.###p#####.#
#.#.#.###.......#
#.........#####.#
##.##.##..#####h
# #..p........
#.ppp##..###...


You could see 4 slaves, a worker ant and grizfap's ghost.

Vanquished Creatures
  A scorpion (D:4)
  The ghost of TugoseryaHuesosov the Ducker, a weakling SpFi (D:3)
  An orc priest (D:3)
  5 adders
  A worm (D:3)
  A giant gecko (D:2)
  3 orcs (D:3)
  3 giant cockroaches
  3 goblins
  4 hobgoblins
  A quokka (D:2)
  A ball python (D:2)
  8 bats
  A giant newt (D:2)
  7 kobolds
  6 rats
  A fungus (D:3)
48 creatures vanquished.

Notes
Turn   | Place    | Note
--------------------------------------------------------------
     0 | D:1      | MirrMurr the Spriggan Enchanter began the quest for the Orb.
     0 | D:1      | Reached XP level 1. HP: 9/9 MP: 5/5
   301 | D:1      | Reached skill level 5 in Stealth
   431 | D:1      | Reached XP level 2. HP: 10/13 MP: 6/6
   998 | D:1      | Learned a level 2 spell: Ensorcelled Hibernation
  1313 | D:2      | Reached skill level 6 in Stealth
  1333 | D:2      | Reached XP level 3. HP: 16/16 MP: 6/8
  1455 | D:2      | Found a sacrificial altar of Ru.
  1547 | D:2      | Learned a level 3 spell: Confuse
  2018 | D:3      | Reached skill level 7 in Stealth
  2077 | D:3      | Noticed TugoseryaHuesosov's ghost (weakling SpFi)
  2507 | D:2      | Reached XP level 4. HP: 21/21 MP: 6/9
  2534 | D:2      | Learned a level 3 spell: Dazzling Spray
  2579 | D:3      | Killed TugoseryaHuesosov's ghost
  2665 | D:3      | Reached skill level 8 in Stealth
  2670 | D:3      | Reached XP level 5. HP: 21/24 MP: 0/11
  2977 | D:3      | Found an iron altar of Okawaru.
  2977 | D:3      | Found a shattered altar of Ashenzari.
  2980 | D:3      | Became a worshipper of Ashenzari the Shackled
  3025 | D:4      | Noticed a slave
  3026 | D:4      | Noticed a slave
  3028 | D:4      | Noticed a slave
  3030 | D:4      | Noticed Pikel
  3032 | D:4      | Noticed a slave
  3041 | D:4      | Noticed grizfap's ghost (novice MiFi)
  3057 | D:4      | Mangled by grizfap's ghost

Action                   |  1- 3 |  4- 6 || total
-------------------------+-------+-------++-------
Melee: Dagger            |   127 |    42 ||   169
Throw: Stone             |     3 |       ||     3
 Cast: Ensorcelled Hiber |     3 |     2 ||     5
       Corona            |     1 |       ||     1
       Dazzling Spray    |       |     3 ||     3
       Confuse           |       |     1 ||     1
  Use: Scroll            |     4 |       ||     4
 Stab: Sleeping          |    10 |     5 ||    15
       Confused          |       |     2 ||     2
       Invisible         |       |     1 ||     1
